 Dungeon Crawl Stone Soup version 0.32-a0-933-ga8fa3634e4 (webtiles) character file.

Game seed: 2838200163970659994

35 Autsider the Apothecary (level 3, -1/26 HPs)
             Began as a Merfolk Alchemist on Apr 14, 2024.
             Slain by a gnoll
             ... wielding a +0 spear
              (7 damage)
             ... on level 2 of the Dungeon.
             The game lasted 00:04:22 (1592 turns).

Autsider the Apothecary (Merfolk Alchemist)         Turns: 1592, Time: 00:04:22

Health: -1/26      AC:  3    Str:  8    XL:     3   Next: 35%
Magic:  1/6        EV: 11    Int: 16    God:
Gold:   116        SH:  0    Dex: 14    Spells: 5/6 levels left

rFire   . . .        i - +0 short sword
rCold   . . .        (no shield)
rNeg    . . .        a - +0 robe
rPois   .            (no helmet)
rElec   .            m - scarf {harm}
rCorr   .            k - +0 pair of gloves
SInv    .            (no boots)
Will    +....        c - amulet of the acrobat
Stlth   ++           n - ring of willpower
HPRegen 0.24/turn    (no ring)
MPRegen 0.10/turn

%: harm (+30% outgoing, +20% incoming), acrobat
@: no status effects
A: (nimble swimmer 2), mertail
a: no special abilities


You were on level 2 of the Dungeon.
You visited 1 branch of the dungeon, and saw 2 of its levels.

You collected 116 gold pieces.

Inventory:

Hand Weapons
 i - a +0 short sword (weapon)
Missiles
 h - 4 poisoned darts
Armour
 a - a +0 robe (worn)
 k - a +0 pair of gloves (worn)
 m - a scarf of harm (worn)
Jewellery
 c - an amulet of the acrobat (around neck)
 n - a ring of willpower (left hand)
Scrolls
 f - a scroll of revelation
 g - a scroll of poison {unknown}
 j - a scroll of identify {unknown}
 l - 2 scrolls of teleportation {unknown}
Potions
 b - a potion of magic
 d - a potion of resistance {unknown}
 e - 2 potions of degeneration {unknown}


   Skills:
 + Level 1.6 Fighting
 - Level 2.6 Dodging
 - Level 2.1 Stealth
 - Level 2.0 Spellcasting
 - Level 0.7 Conjurations
 * Level 5.3 Alchemy


You had 5 spell levels left.
You knew the following spells:

 Your Spells              Type           Power      Damage    Failure   Level
a - Sting                 Conj/Alch      44%        1d5       6%          1

Your spell library contained the following spells:

 Spells                   Type           Power      Damage    Failure   Level
 Mercury Vapours          Alch/Air       20%        N/A       11%         2
 Olgreb's Toxic Radiance  Alch           18%        N/A       24%         4
 Mephitic Cloud           Conj/Alch/Air  8%         N/A       26%         3
 Sticky Flame             Fire/Alch      10%        2d5       56%         4


Dungeon Overview and Level Annotations

Branches:
Dungeon (2/15)

Altars:


Innate Abilities, Weirdness & Mutations

((You are very nimble when in or above water. (Stealth+, EV+, Speed+++)))
Your lower body shifts to a powerful aquatic tail in water.


Message History

You feel aware of your surroundings.
You sensed 1 altar.
It was a scroll of revelation.
The gnoll hits you from afar with a +0 spear.
* * * LOW HITPOINT WARNING * * *
The gnoll misses you. The gnoll attacks as it pursues you!
The gnoll completely misses you.
The gnoll looks more healthy.
Casting: Sting (safe; 6% risk of failure)
Confirm with . or Enter, or press ? or * to list all spells.
Aiming: Sting (safe; 6% risk of failure)
Press: ? - help, Shift-Dir - straight line, f/p - gnoll
Aim: a gnoll, wielding a +0 spear (heavily wounded, 75% to hit)
The sting hits the gnoll.
The gnoll is poisoned.
The gnoll is heavily wounded.
The gnoll completely misses you.
Casting: Sting (safe; 6% risk of failure)
Confirm with . or Enter, or press ? or * to list all spells.
Aiming: Sting (safe; 6% risk of failure)
Press: ? - help, Shift-Dir - straight line, f/p - gnoll
Aim: a gnoll, wielding a +0 spear (heavily wounded, poisoned, 75% to hit)
The sting hits the gnoll.
The gnoll looks even sicker.
The gnoll is severely wounded.
You kill the gnoll!
Casting: Sting (safe; 6% risk of failure)
Confirm with . or Enter, or press ? or * to list all spells.
Aiming: Sting (safe; 6% risk of failure)
Press: ? - help, Shift-Dir - straight line, f - gnoll
Aim: a gnoll, wielding a +0 spear (75% to hit)
The sting hits the gnoll.
The gnoll is poisoned.
The gnoll is lightly wounded.
The gnoll completely misses you.
Casting: Sting (safe; 6% risk of failure)
Confirm with . or Enter, or press ? or * to list all spells.
Aiming: Sting (safe; 6% risk of failure)
Press: ? - help, Shift-Dir - straight line, f/p - gnoll
Aim: a gnoll, wielding a +0 spear (lightly wounded, poisoned, 75% to hit)
The sting hits the gnoll.
The gnoll looks even sicker.
The gnoll is moderately wounded.
The gnoll hits you from afar with a +0 spear.
You die...

*,**** ###.## ****,* ##...#
*****,,,,############..###
,,,,,,***#........##..## *******
******* #......)....### *,,,,,, *
#.........##### *,,,,,,
#........###### *,,,,,,
#........###### *,,,,,,
#......@.###### *,,,,,,
######..####### *,,,,,,
*******#######g#######***,,,,,,
*,,,,,,.......Jg..####,,,,,,,,,
**,,,,,,.......".g.####,**,,,,,,
**,,,,,,,...........####,#*,,,,,,
,,,,,,,,,...........####.#****,**
,,*,,,,,,.........).####.# *,*
*,*****,*####.......##...# *,*


You could see 2 gnolls and an endoplasm.

Vanquished Creatures
  A gnoll (D:2)
  An endoplasm (D:2)
  A giant cockroach (D:1)
  4 goblins
  3 hobgoblins (D:1)
  3 kobolds (D:1)
  A ball python (D:1)
  2 bats (D:1)
  4 frilled lizards (D:1)
  5 rats (D:1)
25 creatures vanquished.

Notes
Turn   | Place    | Note
-------+----------+-------------------------------------------
     0 | D:1      | Autsider the Merfolk Alchemist began the quest for the Orb.
     0 | D:1      | Reached XP level 1. HP: 13/13 MP: 3/3
   246 | D:1      | Reached XP level 2. HP: 20/20 MP: 0/5
   400 | D:1      | Reached skill level 1 in Fighting
  1319 | D:1      | Found a faded altar of an unknown god.
  1449 | D:2      | Reached skill level 5 in Alchemy
  1508 | D:2      | Reached XP level 3. HP: 26/26 MP: 4/6
  1592 | D:2      | Slain by a gnoll

Illustrated notes

Levels and vault maps discovered:
D:1:      onia_arrival_mini_spirals, layout_loops_corners,
          shapermc_ecumenical_altar_petra
D:2:      layout_rooms, basic_altar, serial_bayou_lake_a, uniq_jessica

Skill      XL: |  1  2 |
---------------+-------+-----
Fighting       | 1 |  1.6
Alchemy        | 5 |  5.3
Dodging        | |  2.6
Stealth        | |  2.1
Spellcasting   | |  2.0
Conjurations   | |  0.7

Action                     || total
---------------------------++-------
  Melee: Unarmed           ||     9
         Short sword       ||    21
   Cast: Sting             ||    40
    Use: Scroll            ||     1
   Stab: Sleeping          ||     2
 Armour: Robe              ||    12
  Dodge: Dodged            ||    17

Table legend: (Time is in decaauts)
 A = Elapsed time spent in this place.
 B = Non-inter-level travel time spent in this place.
 C = Inter-level travel time spent in this place.
 D = Time resting spent in this place.
 E = Time spent auto-exploring this place.
 F = Levels seen in this place.
 G = Mean time per level.
                   A        B        C        D        E       F      G
               +--------+--------+--------+--------+--------+-----+--------+
         Total |   1590 |   1468 |    122 |      0 |   1242 |   2 |  795.0 |
       Dungeon |   1590 |   1468 |    122 |      0 |   1242 |   2 |  795.0 |
               +--------+--------+--------+--------+--------+-----+--------+

Top non-repeatable levels by time:
     D:1: 1435 daAuts
     D:2: 155 daAuts
